Map: Tours du crépuscule

Players

erypt - Winner!

  • Race: Zerg Zerg
  • League: Silver

pupu

  • Race: Protoss Protoss
  • League: Gold

VOD

Have the link to the VOD?

Description

Time

  • Played on: April 19, 2016, 11:18 a.m.
  • Length: 11:34
Show
View Real Time Build Order
Export as new Build Order

erypt Zerg - Winner!

Build Orders: Pool First 

Get SALT Encoding   

  12  0:01  Drone  
  13  0:09  Drone  
  14  0:17  Overlord  
  14  0:24  Extractor  
  14  0:25  Extractor, Drone  
  13  0:29  Drone  
  16  0:36  Drone  
  17  0:48  Spawning Pool  
  16  0:50  Drone  
  17  0:59  Extractor  
  17  1:03  Drone  
  17  1:13  Drone  
  18  1:26  Hatchery  
  17  1:35  Zergling x2  
  17  1:36  Zergling x2  
  19  1:44  Overlord  
  19  1:46  Queen  
  22  1:54  Zergling x2  
  22  2:14  Drone x2  
  24  2:21  Metabolic Boost  
  24  2:24  Zergling x2  
  25  2:42  Zergling x4  
  27  3:01  Zergling x10  
  27  3:04  Overlord x2  
  32  3:06  Queen  
  32  3:12  Zergling x4  
  34  3:40  Zergling x6  
  33  3:49  Drone x4  
  33  3:55  Lair  
  37  4:00  Roach Warren  
  36  4:06  Drone x4  
  40  4:13  Drone  
  38  4:39  Drone x4  
  38  4:41  Extractor  
  38  4:44  Extractor  
  40  4:47  Drone  
  40  4:48  Extractor  
  40  4:52  Glial Reconstitution  
  40  4:54  Roach  
  40  4:55  Roach x5  
  40  4:57  Overlord  
  52  5:16  Drone  
  52  5:18  Drone x3  
  52  5:19  Drone  
  57  5:32  Roach  
  59  5:39  Hatchery  
  58  5:44  Ravager  
  58  5:45  Ravager  
  58  5:47  Overlord x3  
  56  6:23  Roach x2  
  56  6:24  Roach x2  
  64  6:28  Drone  
  64  6:29  Drone x4  
  69  6:41  Spire  
  69  6:42  Roach  
  65  6:54  Roach  
  65  6:55  Roach x2  
  65  7:00  Drone x2  
  73  7:02  Drone  
  73  7:05  Ravager x2  
  73  7:06  Ravager  
  73  7:07  Ravager  
  78  7:10  Roach  
  80  7:21  Drone x2  
  80  7:22  Drone x3  
  85  7:25  Drone  
  86  7:31  Roach  
  86  7:34  Overlord  
  86  7:57  Roach x3  
  92  8:03  Ravager  
  91  8:20  Roach x3  
  91  8:22  Roach  
  91  8:24  Overlord x2  
  91  8:27  Overlord x2  
  97  8:31  Drone  
  98  8:44  Mutalisk x5  
  105  8:50  Roach x2  
  105  8:51  Roach  
  106  9:08  Roach x4  
  106  9:09  Mutalisk x4  
  116  9:10  Mutalisk  
  116  9:14  Ravager x2  
  114  9:32  Roach x2  
  109  9:40  Roach x2  
  109  9:41  Roach  
  109  9:42  Mutalisk  
  109  9:43  Roach  
  100  9:48  Roach x2  
  100  9:49  Roach  
  103  10:01  Mutalisk x2  
  107  10:34  Mutalisk x3  
  113  10:59  Mutalisk x3  
Show
View Real Time Build Order
Export as new Build Order

pupu Protoss 

Build Orders: 1 Gate Expand 

Get SALT Encoding   

  12  0:00  Probe (Chrono Boost)  
  13  0:11  Probe (Chrono Boost)  
  14  0:18  Pylon  
  14  0:22  Probe (Chrono Boost)  
  15  0:36  Probe (Chrono Boost)  
  15  0:40  Gateway  
  16  0:47  Probe (Chrono Boost)  
  17  0:51  Assimilator  
  17  0:57  Probe (Chrono Boost)  
  18  1:21  Nexus  
  18  1:25  Probe (Chrono Boost)  
  19  1:36  Probe (Chrono Boost)  
  19  1:39  Assimilator  
  20  1:40  Cybernetics Core  
  21  1:47  Probe (Chrono Boost)  
  21  2:08  Probe (Chrono Boost)  
  22  2:17  Pylon  
  22  2:18  Probe (Chrono Boost)  
  23  2:29  Gateway  
  23  2:31  Gateway  
  23  2:33  Probe  
  26  2:45  Mothership Core (Chrono Boost)  
  28  2:55  Warp Gate (Chrono Boost)  
  28  2:57  Pylon  
  27  3:04  Probe (Chrono Boost)  
  28  3:13  Adept  
  28  3:17  Pylon  
  28  3:18  Pylon  
  28  3:27  Probe (Chrono Boost)  
  29  3:38  Probe (Chrono Boost)  
  30  3:46  Adept  
  30  3:47  Adept  
  34  3:53  Adept  
  36  3:58  Pylon  
  36  4:01  Probe  
  37  4:04  Probe  
  37  4:09  Pylon  
  38  4:13  Probe, Adept  
  38  4:14  Probe  
  42  4:25  Probe x2  
  42  4:35  Probe  
  42  4:38  Probe, Pylon  
  44  4:40  Pylon  
  44  4:58  Probe  
  44  5:00  Probe  
  46  5:09  Probe  
  46  5:12  Probe  
  48  5:15  Adept x3  
  48  5:19  Probe  
  55  5:21  Robotics Facility  
  55  5:23  Gateway  
  55  5:24  Probe  
  55  5:26  Gateway  
  56  5:30  Probe  
  56  5:31  Assimilator  
  57  5:36  Probe  
  58  6:27  Adept x3  
  58  6:30  Probe  
  58  6:31  Probe  
  66  6:35  Immortal  
  70  6:40  Probe  
  70  6:44  Twilight Council  
  65  7:02  Pylon  
  65  7:03  Stalker  
  65  7:04  Stalker x4  
  75  7:14  Probe, Nexus  
  75  7:15  Probe, Immortal (Chrono Boost)  
  77  7:20  Resonating Glaives (Chrono Boost)  
  81  7:26  Probe  
  81  7:27  Probe  
  83  7:32  Pylon  
  83  7:34  Pylon  
  83  7:36  Pylon  
  83  7:38  Probe  
  83  7:39  Probe, Pylon  
  83  7:41  Assimilator  
  84  7:50  Probe  
  85  8:03  Stalker  
  85  8:04  Stalker x4  
  95  8:21  Immortal  
  99  8:32  Probe x2  
  99  8:33  Probe  
  102  8:44  Probe  
  103  9:03  Stalker x3  
  107  9:14  Pylon  
  107  9:17  Zealot  
  107  9:18  Pylon  
  107  9:20  Pylon  
  107  9:22  Pylon  
  89  9:56  Stalker x5  
  99  10:03  Probe  
  99  10:04  Probe  
  99  10:05  Probe  
  102  10:16  Probe  
  103  10:24  Zealot x5  
  95  10:47  Stalker x5  
  103  11:13  Stalker x5  
Tags
 
Add a new tag
Caveats
  • Supply blocks, unpowered buildings, or Contaminate may cause inaccurate times.
  • Supply counts are checked every 10 seconds.